cohdb
Replays
Latest Replays
All Replays
Popular Replays
Top Player Replays
Match Explorer
How It Works
Community
CoH3 Stats
Reddit
Sign in to upload your games and track your stats! →
Sign in with Steam
Match 46882126
Unlisted
Match 46882126
Overview
Messages
Build Orders
End
Engineer Squad
Construct Barracks
Selects Armored Battlegroup
Selects Armored Battlegroup
Selects Veteran Crews
1⁄4-ton 4x4 Truck
Riflemen Squad
M1 Mortar Team
Riflemen Squad
Riflemen Squad
Air Support Center
P-47 Strafing Run
Construct Motor Pool
P-47 Dive Bomb
P-47 Strafing Run
M24 Chaffee Light Tank
P-47 Dive Bomb
M1 Anti-tank Gun Team
P-47 Strafing Run
Selects Fast Deploy
Selects M8 Scott SPG
M8 Scott SPG
P-47 Strafing Run
P-47 Dive Bomb
Riflemen Squad
Riflemen Squad
M1918 Browning Automatic Rifles
Grasshopper Recon Run
Selects Field Repairs
P-47 Strafing Run
Construct Medical Station
P-47 Strafing Run
Grasshopper Recon Run
Selects UNKNOWN (2160077)
P-47 Dive Bomb
P-47 Strafing Run
Construct Tank Depot
Engineer Squad
Grasshopper Recon Run
Selects War Machine
M4A3E8 Sherman Easy Eight
P-47 Strafing Run
P-47 Dive Bomb
M4A3E8 Sherman Easy Eight
P-47 Strafing Run
M4A3E8 Sherman Easy Eight
.30 cal Machine Gun
P-47 Strafing Run
P-47 Strafing Run
M4A3E8 Sherman Easy Eight
Engineer Squad
P-47 Dive Bomb
Grasshopper Recon Run
.30 cal Machine Gun
M4A3E8 Sherman Easy Eight
Advanced Air Reconnaissance
XuZhongwei
[AOD]_GIL
уулиитаю на гаити
warny0415
namakusyapa
ProtossRush
不满意来打我啊
Se7en
0
0
Comments
sign in to comment!
No comments posted yet!